 Dungeon Crawl Stone Soup version 0.24.0-13-gcf9b3192b9 (webtiles) character file.

Game seed: 17778736216900913369, levelgen mode: deterministic

753 Gobbopathe the Nimble (level 7, -5/33 HPs)
             Began as a Felid Wanderer on Nov 5, 2019.
             Was a Follower of Uskayaw.
             Slain by a wight
             ... wielding a +2 battleaxe of freezing
              (6 damage)
             ... on level 5 of the Dungeon.
             The game lasted 00:15:53 (8228 turns).

Gobbopathe the Nimble (Felid Wanderer)              Turns: 8228, Time: 00:15:54

Health: -5/33      AC:  2    Str: 12    XL:     7   Next: 49%
Magic:  18/18      EV: 26    Int: 13    God:    Uskayaw [*.....]
Gold:   214        SH:  0    Dex: 17    Spells: 6/6 levels left
                                        Lives:  0   Deaths: 2

rFire    . . .     SeeInvis +     - Unarmed
rCold    . . .     Gourm    .   (shield unavailable)
rNeg     . . .     Faith    .   (armour unavailable)
rPois    .         Spirit   .   (helmet unavailable)
rElec    .         Reflect  .   (cloak unavailable)
rCorr    .         Harm     .   (gloves unavailable)
MR       +....                  (boots unavailable)
Stlth    ++++......             x - amulet of the acrobat
HPRegen  0.11/turn              y - +3 ring of strength
MPRegen  0.16/turn              z - ring of magical power

@: lightly drained, quick
A: very small, no armour, no weapons or thrown items, stealth, claws 1, fangs 3,
see invisible, carnivore, speed 1, shaggy fur 2, slow metabolism 1, sharp paws
a: Stomp, Renounce Religion


You were on level 5 of the Dungeon.
You worshipped Uskayaw.
Uskayaw was noncommittal.
You were completely stuffed.

You visited 1 branch of the dungeon, and saw 7 of its levels.

You collected 214 gold pieces.

Inventory:

Jewellery
 x - an amulet of the acrobat (around neck)
 y - a +3 ring of strength (left paw)
 z - a ring of magical power (right paw)
Scrolls
 e - 14 scrolls of identify {unknown}
 g - 4 scrolls of noise {unknown}
 i - 2 scrolls of fear {unknown}
 j - a scroll of magic mapping {unknown}
 l - 2 scrolls of amnesia {unknown}
 m - 2 scrolls of random uselessness {unknown}
 o - 4 scrolls of remove curse {unknown}
 p - a scroll of teleportation {unknown}
 q - 4 scrolls of blinking {unknown}
 r - 2 scrolls of immolation {unknown}
 s - 3 scrolls of enchant weapon {unknown}
 t - a scroll of fog {unknown}
 v - 3 scrolls of enchant armour {unknown}
Potions
 a - 2 potions of heal wounds
 c - 2 potions of degeneration {unknown}
 d - 3 potions of lignification
 h - 2 potions of magic {unknown}
 k - 2 potions of agility {unknown}
 n - 2 potions of flight {unknown}
 u - 2 potions of curing
 w - 2 potions of brilliance {unknown}
Comestibles
 b - 4 chunks of flesh
 f - 10 rations


   Skills:
 - Level 5.0(4.5) Fighting
 * Level 11.1(10.6) Dodging
 + Level 8.6(8.1) Stealth
 - Level 2.0(1.6) Unarmed Combat
 + Level 1.8(1.3) Invocations
   Level 1.1(0.7) Evocations


You had 6 spell levels left.
You didn't know any spells.
Your spell library was empty.

Dungeon Overview and Level Annotations

Branches:
Dungeon (7/15)
 Temple: D:4-7

Altars:
Dithmenos
Fedhas
Hepliaklqana
Sif Muna
Uskayaw
Vehumet
Wu Jian
Xom

Shops:
D:4 %

Annotations:
D:3 exclusion: orc priest
D:4 Blork the orc
D:6 exclusion: 3 wights


Innate Abilities, Weirdness & Mutations

You cannot wear armour.
You are incapable of wielding weapons or throwing items.
Your paws allow you to move quietly. (Stealth)
You have sharp claws.
You have razor-sharp teeth.
You have supernaturally acute eyesight. (SInv)
You are carnivorous and can eat meat at any time.
You cover ground quickly.
You are covered in thick fur. (AC +2)
You have a slow metabolism.
Your sharp claws are effective at attacking unaware monsters.


Message History

The wight is almost destroyed.
The wight hits you but does no damage. The wight completely misses you.
You scratch the wight but do no damage.
The wight is almost destroyed.
The wight completely misses you.
The wight hits you with a cursed +0 long sword!
You feel drained. The wight closely misses you.
Huge Dmg: -24%(-8hp) hp: 52%(17hp)
You scratch the wight.
The wight is almost destroyed.
The wight hits you with a +2 battleaxe of freezing.
You feel drained. The wight freezes you. The wight completely misses you.
The wight closely misses you.
Dmg: -9%(-3hp) hp: 43%(14hp)
You scratch the wight but do no damage. You bite the wight.
You destroy the wight!
The wight hits you with a +2 battleaxe of freezing!
* * * LOW HITPOINT WARNING * * *
The wight freezes you.
You die...

# #.###.#######
######...........#.#
.....#.###.#####.#.##
####.#.# #.# #.... #....#
#.# #...# #..#.# #.# #...#
#..#.# #)# #...# #. #.#
#.# #...# #. #.# #.# #@z.#
# ..# #.#####)z.#### # ..#
#.##.........####.##
...###.##.##.............
#..............#..).......
#>%#######.###.#.#.####.#
....##.#†#.#
####..##.#z#.#
........#.#.#


You could see 2 wights.

Vanquished Creatures
  A sky beast (D:5)
  An ice beast (D:5)
  2 ogres
  A centaur (D:5)
  A bullfrog (D:2)
  A scorpion (D:5)
  3 howler monkeys
  2 wights (D:5)
  A centaur zombie (D:6)
  A crimson imp (D:5)
  3 bullfrog skeletons
  A centaur skeleton (D:6)
  2 hounds
  5 orc wizards
  An iguana (D:4)
  5 worker ants
  4 gnolls (D:5)
  9 adders
  2 adder skeletons
  3 adder zombies (D:5)
  2 dart slugs
  6 leopard geckos
  13 orcs
  8 bats
  6 giant cockroaches
  8 goblins
  10 hobgoblins
  10 jackals
  2 quokkas (D:5)
  A ball python (D:2)
  8 frilled lizards
  A jackal skeleton (D:4)
  9 kobolds
  A leopard gecko skeleton (D:6)
  A quokka skeleton (D:6)
  7 rats
142 creatures vanquished.

Vanquished Creatures (others)
  9 fungi (D:4)
  A plant (D:4)
10 creatures vanquished.

Grand Total: 152 creatures vanquished

Notes
Turn   | Place    | Note
-------+----------+-------------------------------------------
     0 | D:1      | Gobbopathe the Felid Wanderer began the quest for the Orb.
     0 | D:1      | Gobbopathe set off with the following items: a potion of
                  | heal wounds, a potion of berserk rage, a potion of curing,
                  | a potion of lignification, a ration
     0 | D:1      | Reached XP level 1. HP: 12/12 MP: 2/2
    49 | D:1      | Reached skill level 2 in Dodging
    65 | D:1      | Reached XP level 2. HP: 16/16 MP: 3/3
   545 | D:1      | Reached skill level 3 in Dodging
  1012 | D:1      | Reached XP level 3. HP: 19/19 MP: 4/4
  1121 | D:2      | Reached skill level 4 in Dodging
  1557 | D:2      | Noticed a bullfrog
  2172 | D:2      | Reached XP level 4. HP: 19/23 MP: 5/5
  2772 | D:2      | Reached skill level 5 in Dodging
  2772 | D:2      | Reached XP level 5. HP: 24/26 MP: 6/6
  2829 | D:2      | Reached skill level 6 in Dodging
  4274 | D:4      | Found a blossoming altar of Fedhas.
  4274 | D:4      | Noticed Blork the orc
  4319 | D:4      | Found Qaoph's Food Emporium.
  4381 | D:4      | Reached skill level 5 in Stealth
  4381 | D:4      | Gained mutation: You are covered in thick fur. (AC +2)
                  | [Felid growth]
  4381 | D:4      | Reached XP level 6. HP: 9/30 MP: 7/7
  5170 | D:4      | Reached skill level 7 in Dodging
  5316 | D:4      | Killed from afar by Blork the orc
  5317 | D:4      | Reached XP level 5. HP: -2/26 MP: 6/6
  5496 | D:4      | Reached XP level 6. HP: 23/30 MP: 7/7
  5565 | D:5      | Entered Level 5 of the Dungeon
  5597 | D:4      | Reached skill level 8 in Dodging
  5953 | D:5      | Noticed an ice beast
  5974 | D:5      | Killed an ice beast
  6208 | D:5      | Reached XP level 7. HP: 33/33 MP: 8/8
  6237 | D:5      | You fall into a shaft and drop 2 floors!
  6320 | D:6      | Reached skill level 9 in Dodging
  6469 | D:6      | Found a shimmering blue altar of Sif Muna.
  6470 | D:6      | Found a shimmering altar of Xom.
  6471 | D:6      | Found a shadowy altar of Dithmenos.
  6474 | D:6      | Found a radiant altar of Vehumet.
  6475 | D:6      | Found a hazy altar of Hepliaklqana.
  6476 | D:6      | Found an ornate altar of the Wu Jian Council.
  6476 | D:6      | Found a hide-covered altar of Uskayaw.
  6532 | D:6      | Became a worshipper of Uskayaw the Reveler
  6665 | D:6      | Reached * piety under Uskayaw
  6670 | D:6      | Reached ** piety under Uskayaw
  6752 | D:6      | Reached skill level 10 in Dodging
  7331 | D:5      | Reached XP level 8. HP: 18/37 MP: 9/9
  7874 | D:5      | Reached skill level 1 in Invocations
  8162 | D:5      | Slain by a wight
  8163 | D:5      | Reached XP level 7. HP: -4/33 MP: 18/18
  8200 | D:5      | Reached skill level 11 in Dodging
  8228 | D:5      | HP: 1/33 [wight/+2 battleaxe of freezing (14)]
  8228 | D:5      | Slain by a wight

Levels and vault maps discovered:
D:1:      erik_arrival_blinker_ship, layout_rooms
D:2:      layout_loops_ring, first_ration
D:3:      layout_rooms, feat_on_display
D:4:      layout_loops_ring, fedhas_altar_3, serial_shops, shop,
          uniq_blork_the_orc
D:5:      kennysheep_big_flooded_room, layout_loops_ring
D:6:      layout_loops_ring, grunt_temple_overflow_open
D:7:      layout_gridville, minmay_temple_entry_proselytizer, serial_shops,
          nicolae_shop_temple_entry_statues_fountains, the_bakery,
          serial_bayou_pond_e, uniq_pikel

Skill      XL: |  1  2  3  4  5  6  7  8 |
---------------+-------------------------+-----
Dodging        | 2 3 4 5 6 8 11 | 11.1
Stealth        | 2 3 4 5 6 8 |  8.6
Invocations    | 1 |  1.8
Fighting       | |  5.0
Unarmed Combat | |  2.0
Evocations     | |  1.1

Action                   |  1- 3 |  4- 6 |  7- 9 || total
-------------------------+-------+-------+-------++-------
Melee: Unarmed           |   144 |   346 |   204 ||   694
       Bite              |     6 |    32 |    23 ||    61
       Punch             |     2 |     2 |     2 ||     6
Invok: Stomp             |       |       |     2 ||     2
       Line Pass         |       |       |     2 ||     2
  Use: Potion            |     1 |     2 |       ||     3
 Stab: Sleeping          |    10 |    11 |    15 ||    36
       Distracted        |       |     2 |     2 ||     4
  Eat: Chunk             |    10 |    12 |    11 ||    33
Armor: Skin              |    11 |    13 |     2 ||    26
Dodge: Dodged            |   145 |   321 |   175 ||   641
